 Dungeon Crawl Stone Soup version 0.25.0-10-g039870e (webtiles) character file.

Game seed: 1896389255222149842

17144 shmeve the Blocker (level 12, -19/107 (108) HPs)
             Began as a Minotaur Berserker on June 22, 2020.
             Was a High Priest of Trog.
             Demolished by a very large slime creature (54 damage)
             ... on level 12 of the Dungeon.
             The game lasted 00:26:44 (13008 turns).

shmeve the Blocker (Minotaur Berserker)            Turns: 13008, Time: 00:26:45

HP:   -19/107 (108) AC: 13    Str: 24    XL:     12   Next: 16%
MP:   11/11         EV: 14    Int: 12    God:    Trog [*****.]
Gold: 213           SH: 15    Dex: 12    Spells: 11/11 levels left

rFire    . . .     SeeInvis .   L - +2 broad axe
rCold    . . .     Gourm    .   K - +2 kite shield
rNeg     . . .     Faith    .   B - +5 ring mail of Hedging {rPois rCorr Int+7 Stlth-}
rPois    +         Spirit   .   (helmet restricted)
rElec    .         Reflect  .   v - +0 cloak "Ropiaxuf" {MR++}
rCorr    +         Harm     .   (no gloves)
MR       ++++.                  (no boots)
Stlth    ..........             (no amulet)
HPRegen  1.27/turn              s - ring of poison resistance
MPRegen  0.12/turn              (no ring)

@: regenerating
A: retaliatory headbutt, horns 2
a: Berserk, Trog's Hand, Brothers in Arms, Renounce Religion


You were on level 12 of the Dungeon.
You worshipped Trog.
Trog was extremely pleased with you.
You were hungry.

You visited 1 branch of the dungeon, and saw 12 of its levels.

You collected 629 gold pieces.
You spent 416 gold pieces at shops.

Inventory:

Hand Weapons
 L - a +2 broad axe (weapon)
Missiles
 g - 2 silver javelins
 i - 5 boomerangs (quivered)
Armour
 v - the +0 cloak "Ropiaxuf" (worn) {MR++}
   (You found it on level 7 of the Dungeon)

   It affects your resistance to hostile enchantments.
 B - the +5 ring mail of Hedging (worn) {rPois rCorr Int+7 Stlth-}
   (You found it on level 5 of the Dungeon)

   It affects your intelligence (+7).
   It protects you from poison.
   It provides partial protection from all sources of acid and corrosion.
   It makes you less stealthy.
 K - a +2 kite shield (worn)
Jewellery
 k - a +6 ring of strength {unknown}
 o - an uncursed ring of wizardry {unknown}
 s - a ring of poison resistance (left hand)
Wands
 t - a wand of flame (7)
 H - a wand of random effects (19)
Scrolls
 a - a scroll of blinking {unknown}
 b - 3 scrolls of enchant weapon
 d - 8 scrolls of identify
 f - 4 scrolls of remove curse
 l - 2 scrolls of enchant armour {unknown}
 n - 3 scrolls of fog
 r - 2 scrolls of magic mapping
 u - 3 scrolls of teleportation
 x - a scroll of noise {unknown}
 y - a scroll of vulnerability {unknown}
 C - 4 scrolls of immolation
 F - 3 scrolls of amnesia {unknown}
 G - 3 scrolls of fear {unknown}
Potions
 e - 8 potions of curing
 h - 2 potions of ambrosia
 j - a potion of magic {unknown}
 m - a potion of mutation {unknown}
 p - a potion of cancellation {unknown}
 q - 4 potions of lignification {unknown}
 w - a potion of haste
 z - 4 potions of stabbing {unknown}
 A - 3 potions of might
 E - a potion of berserk rage {unknown}
 I - a potion of degeneration {unknown}
 J - 2 potions of heal wounds
Comestibles
 c - 12 rations
 D - 3 chunks of flesh


   Skills:
 * Level 10.9 Fighting
 * Level 10.8 Axes
 + Level 6.0 Throwing
 + Level 7.6 Armour
 + Level 7.1 Dodging
 * Level 13.7 Shields


You had 11 spell levels left.
You didn't know any spells.
Your spell library was empty.

Dungeon Overview and Level Annotations

Branches:
Dungeon (12/15)            Temple (0/1) D:7            Lair (0/6) D:10
    Orc (0/2) D:11

Altars:
Cheibriados
Elyvilon
Makhleb
Nemelex Xobeh
Uskayaw
Vehumet
The Shining One

Shops:
D:4 ?   D:5 *   D:7 ?   D:10 !   D:11 [   D:12 *


Innate Abilities, Weirdness & Mutations

You reflexively headbutt those who attack you in melee.
You have a pair of horns on your head.


Message History

You headbutt the very large slime creature!
The very large slime creature is heavily wounded.
The very large slime creature hits you!!!
You slash the very large slime creature!
The very large slime creature is heavily wounded.
The very large slime creature hits you but does no damage.
An orc comes into view. It is wielding a +0 flail.
You slash the very large slime creature!
The very large slime creature is heavily wounded.
You block the very large slime creature's attack.
You hit the very large slime creature.
You headbutt the very large slime creature.
The very large slime creature is heavily wounded.
The very large slime creature misses you.
Your skin crawls.
You feel resistant to hostile enchantments.
You are feeling hungry.
The very large slime creature hits you!!!
Ouch! That really hurt!
You die...

### ##
################### ...
.. ...................
.# #. #...............
.#
..##..###...............
...
..o..aJ@...##...........
###
.....#####..............
... #........###### .
#........#...#
#....#####...#
#....#..#....#
#....#..##'####
#....'..'......
#.##.#..#.##...


You could see a very large slime creature, a worker ant and an orc.

Vanquished Creatures
  A hydra (D:12)
  3 two-headed ogres
  The ghost of Shadowmage952 the Covert, a journeyman HaWz of Ashenzari (D:11)
  An unseen horror (D:12)
  Pikel (D:5)
  A cyclops (D:12)
  Maurice (D:10)
  An elephant (D:10)
  2 centaur skeletons (D:11)
  A queen bee (D:11)
  3 trolls
  4 hornets
  2 slime creatures
  A meliai zombie (D:10)
  2 hippogriffs
  A wraith (D:11)
  10 yaks
  2 wyverns
  2 basilisks (D:10)
  Grum (D:8)
  3 vampire mosquitoes (D:12)
  A hungry ghost (D:9)
  Menkaure (D:4)
  An acid dragon (D:12)
  7 orc warriors
  4 slaves (D:5)
  3 sky beasts
  6 ice beasts
  2 necrophages
  3 ogres
  2 wolves (D:8)
  6 centaurs
  5 bullfrogs
  5 scorpions
  11 killer bees (D:11)
  2 electric eels (D:11)
  9 crimson imps
  A bullfrog zombie (D:7)
  6 howler monkeys
  3 quasits
  4 bullfrog skeletons
  10 orc priests
  11 orc wizards
  11 jellies
  3 hounds
  4 iguanas
  9 worker ants
  A hound zombie (D:4)
  A hound skeleton (D:6)
  A howler monkey zombie (D:10)
  2 worker ant zombies
  11 adders
  A howler monkey skeleton (D:5)
  A shadow imp (D:12)
  14 oozes
  2 adder skeletons
  4 worms
  9 leopard geckos
  32 orcs
  9 giant cockroaches
  9 goblins
  7 hobgoblins
  9 jackals
  6 kobolds
  4 quokkas
  A ball python (D:8)
  5 bats
  3 frilled lizards (D:2)
  A jackal zombie (D:9)
  5 rats
  A fungus (D:6)
313 creatures vanquished.

Vanquished Creatures (others)
  5 fungi (D:6)
5 creatures vanquished.

Grand Total: 318 creatures vanquished

Notes
Turn   | Place    | Note
-------+----------+-------------------------------------------
     0 | D:1      | shmeve the Minotaur Berserker began the quest for the Orb.
     0 | D:1      | Reached XP level 1. HP: 19/19 MP: 0/0
   249 | D:1      | Reached XP level 2. HP: 20/27 MP: 1/1
   855 | D:2      | Reached skill level 1 in Throwing
   855 | D:2      | Reached XP level 3. HP: 33/33 MP: 2/2
   982 | D:2      | Reached ** piety under Trog
   982 | D:2      | Reached XP level 4. HP: 41/41 MP: 3/3
  1837 | D:3      | Noticed a +0 hand axe
  1838 | D:3      | Noticed a +0 dagger
  1841 | D:3      | Found a hide-covered altar of Uskayaw.
  1935 | D:3      | Reached XP level 5. HP: 31/47 MP: 4/4
  2520 | D:3      | Reached skill level 5 in Axes
  2554 | D:3      | Found a glowing golden altar of the Shining One.
  2615 | D:4      | Reached skill level 5 in Fighting
  2817 | D:4      | Noticed an ogre
  2820 | D:4      | Got a citrine-encrusted plate armour
  2827 | D:4      | Killed an ogre
  2827 | D:4      | Reached XP level 6. HP: 56/56 MP: 5/5
  2844 | D:4      | Identified the cursed +0 plate armour "Amyfid" {Int+4
                  | Dex+3} (You found it on level 4 of the Dungeon)
  2905 | D:4      | Found Sehin's Magic Scroll Emporium.
  2922 | D:4      | Bought a scroll of teleportation for 30 gold pieces
  2922 | D:4      | Bought a scroll of identify for 20 gold pieces
  2922 | D:4      | Bought a scroll of remove curse for 30 gold pieces
  2922 | D:4      | Bought a scroll of enchant weapon for 75 gold pieces
  3077 | D:4      | Found a burning altar of Makhleb.
  3105 | D:4      | Reached *** piety under Trog
  3192 | D:4      | Noticed Menkaure
  3194 | D:4      | Found a white marble altar of Elyvilon.
  3205 | D:4      | Killed Menkaure
  3205 | D:4      | Reached XP level 7. HP: 36/63 MP: 6/6
  3528 | D:5      | Entered Level 5 of the Dungeon
  3661 | D:5      | Found Quargh's Assorted Antiques.
  3955 | D:5      | Noticed Pikel
  3963 | D:5      | Killed Pikel
  3963 | D:5      | Reached skill level 5 in Armour
  3963 | D:5      | Reached XP level 8. HP: 73/73 MP: 7/7
  4423 | D:5      | Got a brightly glowing ring mail
  4467 | D:6      | Reached skill level 5 in Dodging
  4637 | D:6      | Reached skill level 2 in Shields
  4809 | D:6      | Reached skill level 3 in Shields
  4883 | D:6      | Reached XP level 9. HP: 71/81 MP: 8/8
  5010 | D:6      | Reached skill level 4 in Shields
  5214 | D:6      | Reached skill level 5 in Shields
  5215 | D:6      | Reached **** piety under Trog
  5222 | D:6      | Reached skill level 6 in Shields
  5741 | D:6      | Identified the +5 ring mail of Hedging {rPois rCorr Int+7
                  | Stlth-} (You found it on level 5 of the Dungeon)
  5799 | D:7      | Reached skill level 7 in Shields
  5960 | D:7      | Reached skill level 8 in Shields
  6129 | D:7      | Found a staircase to the Ecumenical Temple.
  6226 | D:7      | Found a sparkling altar of Nemelex Xobeh.
  6437 | D:7      | Found Funei's Magic Scroll Boutique.
  6440 | D:7      | Bought a scroll of immolation for 42 gold pieces
  6440 | D:7      | Bought a scroll of magic mapping for 42 gold pieces
  6440 | D:7      | Bought a scroll of fog for 24 gold pieces
  6500 | D:7      | Got a smoking cloak
  6506 | D:7      | Identified the +0 cloak "Ropiaxuf" {MR++} (You found it on
                  | level 7 of the Dungeon)
  6589 | D:8      | Found a radiant altar of Vehumet.
  6626 | D:8      | Reached skill level 9 in Shields
  6741 | D:8      | Noticed a two-headed ogre
  6749 | D:8      | Killed a two-headed ogre
  6749 | D:8      | Reached skill level 10 in Shields
  6986 | D:8      | Reached XP level 10. HP: 87/87 MP: 9/9
  7110 | D:8      | Found a snail-covered altar of Cheibriados.
  7182 | D:8      | Noticed Grum
  7192 | D:8      | Killed Grum
  7201 | D:8      | Reached skill level 11 in Shields
  7690 | D:9      | Reached skill level 12 in Shields
  8679 | D:10     | Entered Level 10 of the Dungeon
  8962 | D:10     | Reached ***** piety under Trog
  8985 | D:10     | Noticed an elephant
  8985 | D:10     | Noticed Maurice
  8997 | D:10     | Reached XP level 11. HP: 96/96 MP: 10/10
  9073 | D:10     | Found a staircase to the Lair.
  9333 | D:10     | Found Jiricomp's Distillery.
  9425 | D:10     | Killed Maurice
  9669 | D:10     | Bought a potion of heal wounds for 85 gold pieces
  9669 | D:10     | Bought a potion of might for 68 gold pieces
  9758 | D:11     | Reached skill level 5 in Throwing
  9902 | D:11     | Paralysed by a hornet for 3 turns
 10164 | D:11     | Reached skill level 13 in Shields
 10236 | D:11     | Noticed a two-headed ogre
 10261 | D:11     | Killed a two-headed ogre
 10261 | D:11     | Reached skill level 10 in Fighting
 10417 | D:11     | Reached skill level 10 in Axes
 10432 | D:11     | Noticed a two-headed ogre
 10438 | D:11     | Killed a two-headed ogre
 10556 | D:11     | Found a transporter.
 10556 | D:11     | Noticed Shadowmage952's ghost (journeyman HaWz)
 10560 | D:11     | Found a transporter.
 10589 | D:11     | Found Ahudghoe's Antique Armour Boutique.
 10669 | D:11     | Killed Shadowmage952's ghost
 11094 | D:11     | Found a staircase to the Orcish Mines.
 12160 | D:12     | Received a gift from Trog
 12226 | D:12     | Noticed a seven-headed hydra
 12234 | D:12     | Killed a seven-headed hydra
 12234 | D:12     | Reached XP level 12. HP: 62/107 MP: 11/11
 12941 | D:12     | Found Fusub's General Store.
 13008 | D:12     | Demolished by a very large slime creature

Illustrated notes

Levels and vault maps discovered:
D:1:      beargit_arrival_greenhouse, layout_basic
D:2:      layout_rooms
D:3:      layout_basic, nicolae_overflow_hidden_temple, dancing_weapons_uskayaw
D:4:      layout_rooms, old_standard_altar, serial_shops, shop,
          hangedman_decor_points, bloody_makhleb, uniq_menkaure
D:5:      layout_loops_ring, serial_shops, nicolae_shop_overgrown_old_shop,
          first_ration, uniq_pikel
D:6:      lemuel_slime, layout_basic, minmay_misc_feat_encased
D:7:      layout_gridville, old_standard_altar,
          minmay_temple_entry_glassed_door, serial_shops, kennysheep_mini
D:8:      layout_basic, lemuel_coloured_pillars_altar, lemuel_round_altar,
          uniq_grum
D:9:      layout_irregular_city
D:10:     layout_basic, david_lair_generic, serial_shops,
          nicolae_shop_waterfront, uniq_maurice
D:11:     layout_loops_ring, erik_orc_2, gammafunk_ghost_hive, serial_shops,
          shop
D:12:     layout_stronghold, serial_shops, shop, hangedman_pestilent_swarm

Skill      XL: |  1  2  3  4  5  6  7  8  9 10 11 12 |
---------------+-------------------------------------+-----
Axes           | 4 5 6 7 8 9 10 | 10.8
Fighting       | 4 5 6 7 8 9 10 | 10.9
Throwing       | 1 2 3 4 5 6 |  6.0
Armour         | 3 4 5 6 7 |  7.6
Dodging        | 3 4 5 6 7 |  7.1
Shields        | 3 10 12 13 | 13.7

Action                   |  1- 3 |  4- 6 |  7- 9 | 10-12 || total
-------------------------+-------+-------+-------+-------++-------
Melee: Hand axe          |    43 |    91 |       |       ||   134
       Headbutt          |     3 |    26 |    56 |   111 ||   196
       War axe           |       |    14 |   224 |   462 ||   700
       Broad axe         |       |       |       |    36 ||    36
Throw: Boomerang         |    31 |    42 |     9 |    43 ||   125
Invok: Berserk           |       |     4 |     5 |     7 ||    16
       Trog's Hand       |       |     2 |     3 |     5 ||    10
  Use: Scroll            |       |       |     7 |       ||     7
 Stab: Sleeping          |       |     1 |       |       ||     1
       Distracted        |       |       |     1 |       ||     1
       Confused          |       |       |       |     1 ||     1
  Eat: Chunk             |       |     7 |    12 |    30 ||    49
       Ration            |       |     1 |     2 |       ||     3
Armor: Animal skin       |     9 |    10 |       |       ||    19
       Plate armour      |       |    13 |    76 |       ||    89
       Ring mail         |       |       |    32 |   180 ||   212
Dodge: Dodged            |    39 |    65 |   127 |   256 ||   487
Block: Buckler           |       |       |    18 |    42 ||    60
       Kite shield       |       |       |       |   341 ||   341
